 Dungeon Crawl Stone Soup version 0.32-a0-613-g40f424ee2b (webtiles) character file.

Game seed: 18349274541952460605

968 GabrielManson the Skirmisher (level 8, -14/60 HPs)
             Began as a Coglin Hunter on Mar 5, 2024.
             Demolished by an ogre
             ... wielding a +0 giant spiked club
              (34 damage)
             ... on level 4 of the Dungeon.
             The game lasted 00:11:23 (3702 turns).

GabrielManson the Skirmisher (Coglin Hunter)        Turns: 3702, Time: 00:11:25

Health: -14/60     AC:  4    Str: 18    XL:     8   Next: 16%
Magic:  8/8        EV: 12    Int:  7    God:
Gold:   136        SH:  0    Dex: 17    Spells: 7/7 levels left

rFire   . . .        a - +2 sling {Tlalli}
rCold   . . .        d - +0 sling {Gloria}
rNeg    . . .        c - +0 leather armour
rPois   .            (no helmet)
rElec   .            (no cloak)
rCorr   .            (no gloves)
SInv    .            n - +0 pair of boots
Will    .....        (amulet unavailable)
Stlth   ++           (ring unavailable)
HPRegen 0.30/turn    (ring unavailable)
MPRegen 0.11/turn    (no gizmo)

%: clarity
@: revved
A: off-hand wielding, slow wielding, warmup strikes, no jewellery, clarity,
strong 1
a: Invent Gizmo


You were on level 4 of the Dungeon.
You visited 1 branch of the dungeon, and saw 4 of its levels.

You collected 136 gold pieces.

Inventory:

Hand Weapons
 a - a +2 sling (weapon) {Tlalli}
 d - a +0 sling (offhand) {Gloria}
Armour
 c - a +0 leather armour (worn)
 n - a +0 pair of boots (worn)
Scrolls
 b - a scroll of butterflies
 f - a scroll of torment {unknown}
 i - 2 scrolls of identify {unknown}
 k - a scroll of revelation {unknown}
 l - a scroll of blinking {unknown}
 m - 3 scrolls of teleportation {unknown}
 o - 3 scrolls of immolation {unknown}
 p - a scroll of enchant armour {unknown}
 q - a scroll of noise {unknown}
Potions
 e - a potion of magic {unknown}
 g - 2 potions of lignification {unknown}
 h - 2 potions of curing
 j - a potion of mutation


   Skills:
 + Level 3.9 Fighting
 + Level 8.2 Ranged Weapons
 + Level 1.7 Armour
 + Level 2.1 Dodging
 + Level 0.7 Stealth


You had 7 spell levels left.
You didn't know any spells.
Your spell library was empty.

Dungeon Overview and Level Annotations

Branches:
Dungeon (4/15)
 Temple: D:4-7

Altars:
Dithmenos

Annotations:
D:4 Menkaure


Innate Abilities, Weirdness & Mutations

You can wield a second weapon in your off-hand.
It takes a long time for you to wield or remove held weapons.
Your first few attacks do less damage.
You cannot equip rings or amulets.
You possess an exceptional clarity of mind.
Your muscles are strong. (Str +4, Int/Dex -1)


Message History

You shoot a sling bullet.
q - a scroll labelled LUNINL BEUKHLOR
Found a stone staircase leading down.
There is a stone staircase leading down here.
An ogre comes into view. It is wielding a +0 giant spiked club.
You see here 13 gold pieces.
You shoot a sling bullet. The sling bullet hits the ogre.
The ogre shouts!
The ogre is lightly wounded.
You shoot a sling bullet. The sling bullet hits the ogre.
The ogre is lightly wounded.
You shoot a sling bullet.
The sling bullet hits the ogre but does no damage.
The ogre is lightly wounded.
You shoot a sling bullet. The sling bullet hits the ogre.
The ogre is lightly wounded.
The ogre hits you with a +0 giant spiked club!
You shoot a sling bullet. The sling bullet hits the ogre.
The ogre is lightly wounded.
You shoot a sling bullet.
The sling bullet barely misses the ogre.
The ogre hits you with a +0 giant spiked club!
You shoot a sling bullet. The sling bullet hits the ogre!
The ogre is heavily wounded.
You shoot a sling bullet. The sling bullet hits the ogre.
The ogre is heavily wounded.
You shoot a sling bullet.
The sling bullet barely misses the ogre.
You shoot a sling bullet. The sling bullet hits the ogre.
The ogre is heavily wounded.
The ogre hits you with a +0 giant spiked club!
You are too injured to fight recklessly!
You are too injured to fight recklessly!
You shoot a sling bullet. The sling bullet hits the ogre!
The ogre is severely wounded.
You shoot a sling bullet. The sling bullet hits the ogre.
The ogre is almost dead.
The ogre hits you with a +0 giant spiked club!!
Ouch! That really hurt!
You die...

.... #.# ....
##.####.#####
...#
............#
....
.#.####.###.#
.... #.# ...#
#.# ...# #.#
...# #.# ...#
#@# ....
......O........
..##
...########.###
.. ..


You could see an ogre.

Vanquished Creatures
  Grinder (D:4)
  Sigmund (D:3)
  A water moccasin (D:4)
  An ogre (D:4)
  A scorpion (D:3)
  An iguana (D:4)
  A sleepcap (D:4)
  Natasha (thrice) (D:3)
  2 orc wizards (D:3)
  6 adders
  7 gnolls
  2 dart slugs
  A ribbon worm (D:4)
  5 orcs (D:3)
  9 ball pythons
  4 bats
  2 endoplasms
  A giant cockroach (D:4)
  3 goblins
  9 hobgoblins
  10 jackals
  3 quokkas
  3 frilled lizards
  4 kobolds
  9 rats
90 creatures vanquished.

Notes
Turn   | Place    | Note
-------+----------+-------------------------------------------
     0 | D:1      | GabrielManson the Coglin Hunter began the quest for the
                  | Orb.
     0 | D:1      | Reached XP level 1. HP: 16/16 MP: 1/1
   123 | D:1      | Reached skill level 4 in Ranged Weapons
   123 | D:1      | Reached XP level 2. HP: 22/22 MP: 2/2
   440 | D:1      | Reached XP level 3. HP: 27/27 MP: 3/3
  1065 | D:2      | Found a faded altar of an unknown god.
  1382 | D:2      | Reached XP level 4. HP: 27/33 MP: 4/4
  1387 | D:2      | Reached skill level 5 in Ranged Weapons
  1454 | D:2      | Found a shadowy altar of Dithmenos.
  1942 | D:3      | Noticed a scorpion
  1945 | D:3      | Killed a scorpion
  1946 | D:3      | Reached XP level 5. HP: 39/39 MP: 5/5
  2017 | D:3      | Noticed Natasha
  2022 | D:3      | Killed Natasha
  2165 | D:3      | Noticed Natasha
  2168 | D:3      | Killed Natasha
  2220 | D:3      | Noticed Natasha
  2225 | D:3      | Reached skill level 1 in Armour
  2228 | D:3      | Killed Natasha
  2229 | D:3      | Reached skill level 6 in Ranged Weapons
  2229 | D:3      | Reached XP level 6. HP: 27/46 MP: 6/6
  2418 | D:3      | Noticed Sigmund
  2423 | D:3      | Killed Sigmund
  2427 | D:3      | Gained mutation: You possess an exceptional clarity of
                  | mind. [potion of mutation]
  2427 | D:3      | Gained mutation: Your muscles are strong. (Str +4, Int/Dex
                  | -1) [potion of mutation]
  2431 | D:3      | Reached XP level 7. HP: 52/52 MP: 7/7
  2773 | D:4      | Noticed Grinder
  2833 | D:4      | Noticed Menkaure
  3058 | D:4      | Reached skill level 7 in Ranged Weapons
  3094 | D:4      | Found a shadowy altar of Dithmenos.
  3204 | D:4      | Paralysed by Grinder for 2 turns
  3220 | D:4      | Killed Grinder
  3392 | D:4      | Reached XP level 8. HP: 41/60 MP: 8/8
  3580 | D:4      | Reached skill level 8 in Ranged Weapons
  3702 | D:4      | Demolished by an ogre

Illustrated notes

Levels and vault maps discovered:
D:1:      amcnicky_arrival_feature_with_door, layout_basic, serial_bayou_pond_b
D:2:      minmay_diamond_boxcup, layout_rooms, basic_altar,
          ebering_ecumenical_altar_abandoned, serial_bayou_pond_c
D:3:      layout_basic, nicolae_half_adder, uniq_sigmund, uniq_natasha
D:4:      layout_basic, okawaru_trees_1, mainiacjoe_overflow_catwalk,
          mainiacjoe_overflow_alcove_1, uniq_ijyb, uniq_grinder, uniq_menkaure

Skill      XL: |  1  2  3  4  5  6  7  8 |
---------------+-------------------------+-----
Ranged Weapons | 4 5 6 7 8 |  8.2
Armour         | 1 |  1.7
Dodging        | 2 |  2.1
Fighting       | 3 |  3.9
Stealth        | |  0.7

Action                     |  1- 3 |  4- 6 |  7- 9 || total
---------------------------+-------+-------+-------++-------
   Fire: Sling             |   112 |   162 |   208 ||   482
    Use: Scroll            |     3 |       |       ||     3
         Potion            |       |     2 |       ||     2
 Armour: Leather armour    |     4 |    20 |    31 ||    55
  Dodge: Dodged            |     4 |    27 |    25 ||    56

Table legend: (Time is in decaauts)
 A = Elapsed time spent in this place.
 B = Non-inter-level travel time spent in this place.
 C = Inter-level travel time spent in this place.
 D = Time resting spent in this place.
 E = Time spent auto-exploring this place.
 F = Levels seen in this place.
 G = Mean time per level.
                   A        B        C        D        E       F      G
               +--------+--------+--------+--------+--------+-----+--------+
         Total |   3744 |   3570 |    174 |    621 |   2130 |   4 |  936.0 |
       Dungeon |   3744 |   3570 |    174 |    621 |   2130 |   4 |  936.0 |
               +--------+--------+--------+--------+--------+-----+--------+

Top non-repeatable levels by time:
     D:3: 1080 daAuts
     D:2: 1017 daAuts
     D:1: 938 daAuts
     D:4: 708 daAuts
